Kings vs Sharks
Created - December 22, 2017 at 22:44
Goals
|
Kings |
2 |
1 |
0 |
3 |
Sharks |
0 |
1 |
1 |
2 |
|
Shots
|
Kings |
14 |
7 |
8 |
29 |
Sharks |
5 |
13 |
6 |
24 |
|
1st period
1. Kings , Marcus Nilson 8 (Drew Doughty 32, Nathan Horton 9) at 8:41
2. Kings , Josef Vasicek 3 (Chris Mcallister 4, Drew Doughty 33) at 18:53
Penalties :
Colton Parayko (LAK) for Holding (Minor) at 1:03, Kyle Clifford (LAK) for Hooking (Minor) at 3:11, Ryane Clowe (SJS) for Tripping (Minor) at 6:19, Anze Kopitar (LAK) for Holding (Minor) at 10:23, Brad Boyes (SJS) for Interference (Minor) at 19:24, Drew Doughty (LAK) for Cross-checking (Minor) at 19:34
2nd period
3. Sharks , Derek Boogaard 13 (Antoine Vermette 9) at 2:51 (SH)
4. Kings , Kyle Clifford 4 (Frans Nielsen 11, Patric Hornqvist 24) at 13:11
Penalties :
Erik Karlsson (SJS) for Cross-checking (Minor) at 1:30, Derek Boogaard (SJS) for Goalie Interference (Minor) at 6:31, Cal Clutterbuck (SJS) for Holding (Minor) at 14:21, Josef Vasicek (LAK) for Holding (Minor) at 17:23
3rd period
5. Sharks , Kevin Shattenkirk 9 (Ryane Clowe 9, Cal Clutterbuck 9) at 15:43 (PP)
Penalties :
Steve Montador (SJS) for Holding (Minor) at 0:17, Nick Palmieri (SJS) for Hooking (Minor) at 8:03, Colton Parayko (LAK) for Elbowing (Minor) at 14:19, Nick Palmieri (SJS) for Slashing (Minor) at 17:07
Goalie Stats
Jonathan Quick (LAK), 22 saves from 24 shots - (0.917), W, 14-7-3, 60:00 minutes
Brent Krahn (SJS), 26 saves from 29 shots - (0.897), L, 6-7-2, 60:00 minutes
Players Stats for Kings
Player Name G A P +/- PIM S H SB GA TA FO MP PP MP PK MP
------------------------------------------------------------------------------------
Anze Kopitar 0 0 0 0 2 3 1 0 1 0 17/36 24:05 8:07 4:36
Cam Fowler 0 0 0 0 0 1 1 2 0 0 0/0 15:56 5:10 0:00
Cam Janssen 0 0 0 1 0 0 1 0 0 2 0/0 8:01 0:04 0:00
Chris Mcallister 0 1 1 1 0 1 1 0 0 0 1/1 13:56 0:09 5:42
Colton Parayko 0 0 0 2 4 0 1 0 0 0 0/0 14:03 0:00 0:07
Drew Doughty 0 2 2 2 2 6 1 2 0 1 0/0 27:45 9:02 3:37
Frans Nielsen 0 1 1 0 0 4 1 0 1 0 12/21 17:27 5:49 1:19
Jason Pominville 0 0 0 0 0 2 0 1 0 1 0/0 23:33 8:50 3:07
Johnny Gaudreau 0 0 0 0 0 1 1 1 2 0 0/1 18:14 7:49 0:39
Josef Vasicek 1 0 1 1 2 3 0 0 1 0 3/4 8:09 0:00 0:25
Kyle Clifford 1 0 1 0 2 2 2 0 0 0 0/1 16:04 5:48 0:00
Marcus Nilson 1 0 1 1 0 1 0 0 0 1 1/1 6:38 0:00 0:00
Nathan Horton 0 1 1 0 0 1 1 0 0 1 1/5 15:51 5:49 3:06
Patric Hornqvist 0 1 1 1 0 4 3 1 0 1 0/1 19:34 8:02 0:00
Radko Gudas 0 0 0 0 0 0 1 0 0 1 0/0 13:47 0:00 3:37
Randy Jones 0 0 0 0 0 0 0 0 0 0 0/0 14:47 0:13 5:43
Rob Schremp 0 0 0 1 0 0 0 0 0 0 1/1 7:08 0:10 0:00
Shane O'Brien 0 0 0 0 0 0 4 1 0 0 0/0 23:37 4:57 5:50
Players Stats for Sharks
Player Name G A P +/- PIM S H SB GA TA FO MP PP MP PK MP
------------------------------------------------------------------------------------
Andrej Sekera 0 0 0 1 0 0 0 1 0 0 0/0 14:12 0:00 6:25
Antoine Vermette 0 1 1 1 0 0 2 0 0 0 7/9 19:29 4:35 4:46
Boris Valabik 0 0 0 -1 0 0 3 2 1 0 0/0 16:07 5:58 1:08
Brad Boyes 0 0 0 0 2 1 0 1 1 1 10/20 23:44 4:52 8:32
Brayden McNabb 0 0 0 1 0 0 2 0 0 0 0/0 13:57 0:00 5:57
Cal Clutterbuck 0 1 1 0 2 1 1 0 1 0 1/2 14:24 4:35 0:00
Damien Brunner 0 0 0 0 0 2 1 0 0 0 0/0 5:12 0:00 0:00
David Legwand 0 0 0 0 0 3 0 0 0 1 12/27 25:28 4:52 8:36
Derek Boogaard 1 0 1 1 2 3 5 0 0 0 3/4 20:11 4:43 4:22
Erik Karlsson 0 0 0 -1 2 3 1 0 1 1 0/0 15:18 3:35 0:00
Jordan LaVallee 0 0 0 -3 0 1 0 0 0 0 0/0 9:07 0:00 0:21
Kevin Shattenkirk 1 0 1 -2 0 3 0 2 2 2 0/0 31:01 5:51 7:47
Nick Palmieri 0 0 0 -3 4 2 0 0 0 0 1/2 11:17 0:00 1:19
Oskar Osala 0 0 0 0 0 1 0 0 0 0 0/0 5:12 0:00 0:00
Patrick O'Sullivan 0 0 0 0 0 0 0 0 0 0 0/0 5:34 0:00 0:04
Ryane Clowe 0 1 1 0 2 1 1 0 0 0 0/0 13:59 4:35 0:00
Steve Montador 0 0 0 -2 2 1 3 0 2 0 0/0 29:37 3:29 6:43
T.J. Hensick 0 0 0 -3 0 2 0 1 0 0 2/8 10:11 0:09 0:00
3 Stars
1 - Derek Boogaard (SJS)
2 - Drew Doughty (LAK)
3 - Marcus Nilson (LAK)
Power Play
Kings - 0 on 8 Attempt(s) - 0.00%
Sharks - 1 on 6 Attempt(s) - 16.67%
Penalty Kill
Kings - 5 on 6 Attempt(s) - 83.33%
- Score 0 goal in Penalty Kill
Sharks - 8 on 8 Attempt(s) - 100.00%
- Score 1 goal in Penalty Kill
Team Stat
Kings - Hits : 19 - Faceoff Wins : 36 - Blocked Shots : 8 - Penalty Minutes : 12
Sharks - Hits : 19 - Faceoff Wins : 36 - Blocked Shots : 7 - Penalty Minutes : 16
Official
Referees : Ciamaga Chris and StLaurent Francois
Linesman : Mark Wheler and Andy McElman
Game Notes
No Game Note
Finance
Level 1 -- Attendance: 4384 (73.07%) -- Ticket Income $416,480
Level 2 -- Attendance: 3394 (67.88%) -- Ticket Income $220,610
Level 3 -- Attendance: 1437 (71.85%) -- Ticket Income $64,665
Level 4 -- Attendance: 3440 (86.00%) -- Ticket Income $86,000
Luxury Box -- Attendance: 727 (72.70%) -- Ticket Income $134,495
Game was played at the Hockey Place Center.
Total Attendance: 13382 (74.34%)
Total Ticket Income: $922,250
Other Income: $138,338
Total Income: $1,060,588
Kings
5 vs 5 Forward
Center Left Wing Right Wing Time % Phy DF OF
1 Frans Nielsen Kyle Clifford Patric Hornqvist 40 1 3 1
2 Anze Kopitar Johnny Gaudreau Jason Pominville 40 1 3 1
3 Rob Schremp Marcus Nilson Nathan Horton 15 1 3 1
4 Josef Vasicek Chris Mcallister Cam Janssen 5 1 3 1
5 vs 5 Defense
Defense Defense Time % Phy DF OF
1 Drew Doughty Colton Parayko 40 0 3 2
2 Radko Gudas Shane O'Brien 35 0 3 2
3 Cam Fowler Randy Jones 25 1 3 1
4 Drew Doughty Shane O'Brien 0 1 3 1
PowerPlay Forward
Center Left Wing Right Wing Time % Phy DF OF
1 Anze Kopitar Johnny Gaudreau Patric Hornqvist 60 1 1 3
2 Frans Nielsen Kyle Clifford Nathan Horton 40 1 1 3
PowerPlay Defense
Defense Defense Time % Phy DF OF
1 Drew Doughty Jason Pominville 60 0 2 3
2 Cam Fowler Shane O'Brien 40 1 3 1
Penalty Kill 4 Players Forward
Center Wing Time % Phy DF OF
1 Anze Kopitar Chris Mcallister 60 1 3 1
2 Nathan Horton Jason Pominville 40 1 3 1
Penalty Kill 4 Players Defense
Defense Defense Time % Phy DF OF
1 Randy Jones Shane O'Brien 60 1 4 0
2 Radko Gudas Drew Doughty 40 1 4 0
Penalty Kill - 3 Players Forward
Forward Time % Phy DF OF
1 Anze Kopitar 60 1 3 1
2 Jason Pominville 40 1 3 1
Penalty Kill - 3 Players Defense
Defense Defense Time % Phy DF OF
1 Drew Doughty Shane O'Brien 60 1 4 0
2 Radko Gudas Randy Jones 40 1 4 0
4 vs 4 Forward
Center Wing Time % Phy DF OF
1 Anze Kopitar Patric Hornqvist 60 1 2 2
2 Jason Pominville Frans Nielsen 40 1 2 2
4 vs 4 Defense
Defense Defense Time % Phy DF OF
1 Drew Doughty Shane O'Brien 60 1 2 2
2 Cam Fowler Randy Jones 40 1 2 2
Last Minutes Offensive
Center Left Wing Right Wing Defense Defense
Anze Kopitar Johnny Gaudreau Patric Hornqvist Drew Doughty Shane O'Brien
Last Minutes Defensive
Center Left Wing Right Wing Defense Defense
Anze Kopitar Chris Mcallister Nathan Horton Drew Doughty Shane O'Brien
Goaltenders
Starting : Jonathan Quick
Backup : Mike Brodeur
Extra Forwards
Normal : Anze Kopitar, Jason Pominville, Patric Hornqvist - PP : Rob Schremp, Chris Mcallister - PK : Frans Nielsen
Extra Defensemen
Normal : Cam Fowler, Colton Parayko, Radko Gudas - PP : Randy Jones - PK : Cam Fowler, Colton Parayko
Penalty Shots
Anze Kopitar, Rob Schremp, Patric Hornqvist, Marcus Nilson, Frans Nielsen
Scratches
None
Sharks
5 vs 5 Forward
Center Left Wing Right Wing Time % Phy DF OF
1 David Legwand Derek Boogaard Brad Boyes 40 3 1 1
2 Antoine Vermette Ryane Clowe Cal Clutterbuck 30 3 1 1
3 T.J. Hensick Jordan LaVallee Nick Palmieri 20 3 1 1
4 Patrick O'Sullivan Oskar Osala Damien Brunner 10 3 1 1
5 vs 5 Defense
Defense Defense Time % Phy DF OF
1 Kevin Shattenkirk Steve Montador 40 3 1 1
2 Boris Valabik Erik Karlsson 30 3 1 1
3 Andrej Sekera Brayden McNabb 20 3 1 1
4 Steve Montador Erik Karlsson 10 3 1 1
PowerPlay Forward
Center Left Wing Right Wing Time % Phy DF OF
1 David Legwand Derek Boogaard Brad Boyes 60 1 1 3
2 Antoine Vermette Ryane Clowe Cal Clutterbuck 40 1 1 3
PowerPlay Defense
Defense Defense Time % Phy DF OF
1 Kevin Shattenkirk Boris Valabik 60 1 1 3
2 Steve Montador Erik Karlsson 40 1 1 3
Penalty Kill 4 Players Forward
Center Wing Time % Phy DF OF
1 Brad Boyes David Legwand 60 2 3 0
2 Derek Boogaard Antoine Vermette 40 2 3 0
Penalty Kill 4 Players Defense
Defense Defense Time % Phy DF OF
1 Kevin Shattenkirk Steve Montador 60 2 3 0
2 Andrej Sekera Brayden McNabb 40 2 3 0
Penalty Kill - 3 Players Forward
Forward Time % Phy DF OF
1 Brad Boyes 60 2 3 0
2 David Legwand 40 2 3 0
Penalty Kill - 3 Players Defense
Defense Defense Time % Phy DF OF
1 Kevin Shattenkirk Steve Montador 60 2 3 0
2 Andrej Sekera Brayden McNabb 40 2 3 0
4 vs 4 Forward
Center Wing Time % Phy DF OF
1 Brad Boyes David Legwand 60 2 1 2
2 Derek Boogaard Antoine Vermette 40 2 1 2
4 vs 4 Defense
Defense Defense Time % Phy DF OF
1 Kevin Shattenkirk Steve Montador 60 2 1 2
2 Boris Valabik Erik Karlsson 40 2 1 2
Last Minutes Offensive
Center Left Wing Right Wing Defense Defense
David Legwand Derek Boogaard Brad Boyes Kevin Shattenkirk Erik Karlsson
Last Minutes Defensive
Center Left Wing Right Wing Defense Defense
David Legwand Derek Boogaard Brad Boyes Kevin Shattenkirk Steve Montador
Goaltenders
Starting : Brent Krahn
Backup : Frederik Andersen
Extra Forwards
Normal : T.J. Hensick, Nick Palmieri, Jordan LaVallee - PP : T.J. Hensick, Patrick O'Sullivan - PK : Nick Palmieri
Extra Defensemen
Normal : Andrej Sekera, Brayden McNabb, Boris Valabik - PP : Andrej Sekera - PK : Brayden McNabb, Boris Valabik
Penalty Shots
Brad Boyes, David Legwand, Antoine Vermette, Ryane Clowe, Erik Karlsson
Scratches
Chris Campoli (Healthy), Erik Cole (Healthy), Greg Campbell (Healthy), Martin Erat (Healthy), Justin Pogge (Healthy)
% Time on Ice - Kings
Lines # - Real PCT - Wanted PCT - Time Play
Normal Forward
1 - 31% - 40% - 10:38
2 - 29% - 40% - 9:52
3 - 20% - 15% - 6:38
4 - 20% - 5% - 6:41
Normal Defense
1 - 42% - 40% - 14:12
2 - 37% - 35% - 12:22
3 - 21% - 25% - 7:15
4 - 0% - 0% - 0:00
PP Forward
1 - 58% - 60% - 8:11
2 - 42% - 40% - 5:49
PP Defense
1 - 63% - 60% - 8:50
2 - 37% - 40% - 5:10
PK Forward
1 - 67% - 60% - 6:21
2 - 33% - 40% - 3:06
PK Defense
1 - 62% - 60% - 5:50
2 - 38% - 40% - 3:37
PK3 Forward
1 - 0% - 60%
2 - 0% - 40%
PK3 Defense
1 - 0% - 60%
2 - 0% - 40%
44 Forward
1 - 82% - 60% - 1:32
2 - 18% - 40% - 0:20
44 Defense
1 - 87% - 60% - 1:37
2 - 13% - 40% - 0:15
Last Minute Offensive - 0:00
Last Minute Defensive - 0:52
Total
Forward - 60:00
Defense - 60:00
|
% Time on Ice - Sharks
Lines # - Real PCT - Wanted PCT - Time Play
Normal Forward
1 - 32% - 40% - 10:42
2 - 30% - 30% - 10:08
3 - 23% - 20% - 7:46
4 - 15% - 10% - 5:12
Normal Defense
1 - 43% - 40% - 14:38
2 - 31% - 30% - 10:38
3 - 20% - 20% - 6:52
4 - 5% - 10% - 1:40
PP Forward
1 - 51% - 60% - 4:52
2 - 49% - 40% - 4:35
PP Defense
1 - 62% - 60% - 5:51
2 - 38% - 40% - 3:36
PK Forward
1 - 73% - 60% - 10:10
2 - 27% - 40% - 3:50
PK Defense
1 - 62% - 60% - 8:42
2 - 38% - 40% - 5:18
PK3 Forward
1 - 0% - 60%
2 - 0% - 40%
PK3 Defense
1 - 0% - 60%
2 - 0% - 40%
44 Forward
1 - 100% - 60% - 1:52
2 - 0% - 40% - 0:00
44 Defense
1 - 91% - 60% - 1:42
2 - 9% - 40% - 0:10
Last Minute Offensive - 0:53
Last Minute Defensive - 0:00
Total
Forward - 60:00
Defense - 60:00
|
Play by Play
1st period
0:01 of 1st period - David Legwand wins face-off versus Frans Nielsen in neutral zone.
0:18 of 1st period - Kevin Shattenkirk is hit by Colton Parayko.
1:03 of 1st period - Minor Penalty to Colton Parayko for Holding.
1:04 of 1st period - Anze Kopitar wins face-off versus Brad Boyes in Kings zone.
1:17 of 1st period - Slapshot by Kevin Shattenkirk.
1:17 of 1st period - Stopped by Jonathan Quick with a rebound.
1:36 of 1st period - Icing by Cal Clutterbuck.
1:37 of 1st period - Antoine Vermette wins face-off versus Anze Kopitar in Sharks zone.
1:46 of 1st period - Backhand shot by Ryane Clowe.
1:46 of 1st period - Stopped by Jonathan Quick without a rebound.
1:47 of 1st period - David Legwand wins face-off versus Nathan Horton in Kings zone.
1:59 of 1st period - Off-side.
2:00 of 1st period - Brad Boyes wins face-off versus Anze Kopitar in neutral zone.
2:13 of 1st period - Wrist shot by Brad Boyes.
2:13 of 1st period - Shot Misses the Net.
3:03 of 1st period - Penalty to Colton Parayko is over, Colton Parayko is back on ice.
3:11 of 1st period - Minor Penalty to Kyle Clifford for Hooking.
3:12 of 1st period - Nathan Horton wins face-off versus Antoine Vermette in Kings zone.
3:27 of 1st period - Snap shot by Cal Clutterbuck.
3:27 of 1st period - Shot Blocked by Drew Doughty.
3:37 of 1st period - Boris Valabik is hit by Radko Gudas and loses puck.
4:58 of 1st period - Icing by Boris Valabik.
4:59 of 1st period - Anze Kopitar wins face-off versus Brad Boyes in Sharks zone.
5:05 of 1st period - Icing by Kevin Shattenkirk.
5:06 of 1st period - Anze Kopitar wins face-off versus David Legwand in Sharks zone.
5:07 of 1st period - Slapshot by Drew Doughty.
5:07 of 1st period - Deflect By Kevin Shattenkirk.
5:07 of 1st period - Stopped by Brent Krahn without a rebound.
5:08 of 1st period - Antoine Vermette wins face-off versus Nathan Horton in Sharks zone.
5:11 of 1st period - Penalty to Kyle Clifford is over, Kyle Clifford is back on ice.
5:39 of 1st period - Snap shot by David Legwand.
5:39 of 1st period - Deflect By Derek Boogaard.
5:39 of 1st period - Shot Blocked by Cam Fowler.
5:39 of 1st period - Puck is out of play.
5:40 of 1st period - David Legwand wins face-off versus Frans Nielsen in Kings zone.
5:43 of 1st period - Wrist shot by David Legwand.
5:43 of 1st period - Stopped by Jonathan Quick without a rebound.
5:44 of 1st period - Frans Nielsen wins face-off versus Brad Boyes in Kings zone.
6:16 of 1st period - Wrist shot by Jason Pominville.
6:16 of 1st period - Stopped by Brent Krahn without a rebound.
6:17 of 1st period - Antoine Vermette wins face-off versus Frans Nielsen in Sharks zone.
6:19 of 1st period - Minor Penalty to Ryane Clowe for Tripping.
6:20 of 1st period - Anze Kopitar wins face-off versus Brad Boyes in Sharks zone.
6:22 of 1st period - Slapshot by Patric Hornqvist.
6:22 of 1st period - Stopped by Brent Krahn with a rebound.
6:51 of 1st period - Slapshot by Drew Doughty.
6:51 of 1st period - Stopped by Brent Krahn without a rebound.
6:52 of 1st period - Derek Boogaard wins face-off versus Frans Nielsen in Sharks zone.
6:56 of 1st period - Off-side.
6:57 of 1st period - Derek Boogaard wins face-off versus Anze Kopitar in neutral zone.
7:10 of 1st period - Slapshot by Anze Kopitar.
7:10 of 1st period - Stopped by Brent Krahn without a rebound.
7:11 of 1st period - Brad Boyes wins face-off versus Anze Kopitar in Sharks zone.
7:18 of 1st period - Snap shot by Brad Boyes.
7:18 of 1st period - Stopped by Jonathan Quick without a rebound.
7:19 of 1st period - Brad Boyes wins face-off versus Anze Kopitar in Kings zone.
7:49 of 1st period - Backhand shot by Drew Doughty.
7:49 of 1st period - Stopped by Brent Krahn without a rebound.
7:50 of 1st period - Brad Boyes wins face-off versus Frans Nielsen in Sharks zone.
8:02 of 1st period - Off-side.
8:03 of 1st period - Derek Boogaard wins face-off versus Anze Kopitar in neutral zone.
8:19 of 1st period - Penalty to Ryane Clowe is over, Ryane Clowe is back on ice.
8:41 of 1st period - Slapshot by Drew Doughty.
8:41 of 1st period - Deflect By Marcus Nilson.
8:41 of 1st period - Goal by Marcus Nilson - Kings : 1 - Sharks : 0.
8:42 of 1st period - David Legwand wins face-off versus Anze Kopitar in neutral zone.
9:12 of 1st period - Kyle Clifford is hit by Ryane Clowe and loses puck.
9:29 of 1st period - T.J. Hensick is hit by Shane O'Brien.
10:23 of 1st period - Minor Penalty to Anze Kopitar for Holding.
10:24 of 1st period - Frans Nielsen wins face-off versus David Legwand in Kings zone.
10:42 of 1st period - Randy Jones is hit by Derek Boogaard and loses puck.
10:59 of 1st period - Shane O'Brien is hit by Antoine Vermette.
11:23 of 1st period - Chris Mcallister is hit by Derek Boogaard and loses puck.
12:23 of 1st period - Penalty to Anze Kopitar is over, Anze Kopitar is back on ice.
12:43 of 1st period - Wrist shot by Damien Brunner.
12:43 of 1st period - Stopped by Jonathan Quick with a rebound.
13:39 of 1st period - T.J. Hensick is hit by Chris Mcallister and loses puck.
14:08 of 1st period - Snap shot by Antoine Vermette.
14:08 of 1st period - Shot Misses the Net.
14:20 of 1st period - Nathan Horton is hit by Damien Brunner and loses puck.
14:27 of 1st period - Snap shot by Damien Brunner.
14:27 of 1st period - Shot Misses the Net.
15:13 of 1st period - Oskar Osala is hit by Shane O'Brien and loses puck.
15:44 of 1st period - Erik Karlsson is hit by Shane O'Brien and loses puck.
15:49 of 1st period - Wrist shot by Marcus Nilson.
15:49 of 1st period - Shot Misses the Net.
16:22 of 1st period - Patrick O'Sullivan is hit by Cam Janssen and loses puck.
16:39 of 1st period - Oskar Osala is hit by Kyle Clifford and loses puck.
16:44 of 1st period - Slapshot by Frans Nielsen.
16:44 of 1st period - Shot Blocked by Boris Valabik.
16:46 of 1st period - Wrist shot by Frans Nielsen.
16:46 of 1st period - Shot Misses the Net.
17:39 of 1st period - Snap shot by Frans Nielsen.
17:39 of 1st period - Stopped by Brent Krahn with a rebound.
17:57 of 1st period - Wrist shot by Josef Vasicek.
17:57 of 1st period - Stopped by Brent Krahn without a rebound.
17:58 of 1st period - Josef Vasicek wins face-off versus David Legwand in Sharks zone.
17:59 of 1st period - Slapshot by Chris Mcallister.
17:59 of 1st period - Stopped by Brent Krahn with a rebound.
18:01 of 1st period - Wrist shot by Josef Vasicek.
18:01 of 1st period - Stopped by Brent Krahn without a rebound.
18:02 of 1st period - Frans Nielsen wins face-off versus David Legwand in Sharks zone.
18:49 of 1st period - Slapshot by Chris Mcallister.
18:49 of 1st period - Deflect By Steve Montador.
18:49 of 1st period - Shot Blocked by Kevin Shattenkirk.
18:49 of 1st period - Puck is out of play.
18:50 of 1st period - Josef Vasicek wins face-off versus T.J. Hensick in Sharks zone.
18:51 of 1st period - Slapshot by Drew Doughty.
18:51 of 1st period - Stopped by Brent Krahn with a rebound.
18:53 of 1st period - Wrist shot by Chris Mcallister.
18:53 of 1st period - Deflect By Josef Vasicek.
18:53 of 1st period - Goal by Josef Vasicek - Kings : 2 - Sharks : 0.
18:54 of 1st period - Frans Nielsen wins face-off versus David Legwand in neutral zone.
18:59 of 1st period - Wrist shot by Kyle Clifford.
18:59 of 1st period - Shot Misses the Net.
19:01 of 1st period - Wrist shot by Patric Hornqvist.
19:01 of 1st period - Stopped by Brent Krahn with a rebound.
19:03 of 1st period - Wrist shot by Shane O'Brien.
19:03 of 1st period - Deflect By Patric Hornqvist.
19:03 of 1st period - Shot Misses the Net.
19:03 of 1st period - Puck is out of play.
19:04 of 1st period - Frans Nielsen wins face-off versus Derek Boogaard in Sharks zone.
19:07 of 1st period - Slapshot by Patric Hornqvist.
19:07 of 1st period - Deflect By Kyle Clifford.
19:07 of 1st period - Shot Misses the Net.
19:07 of 1st period - Puck is out of play.
19:08 of 1st period - Frans Nielsen wins face-off versus David Legwand in Sharks zone.
19:24 of 1st period - Minor Penalty to Brad Boyes for Interference.
19:25 of 1st period - Anze Kopitar wins face-off versus David Legwand in Sharks zone.
19:26 of 1st period - Slapshot by Drew Doughty.
19:26 of 1st period - Shot Misses the Net.
19:34 of 1st period - Minor Penalty to Drew Doughty for Cross-checking.
19:35 of 1st period - Anze Kopitar wins face-off versus T.J. Hensick in Kings zone.
Goals for this period are 2 for Kings vs 0 for Sharks.
Shots for this period are 14 for Kings vs 5 for Sharks.
2nd period
0:01 of 2nd period - Anze Kopitar wins face-off versus T.J. Hensick in neutral zone.
0:13 of 2nd period - Snap shot by T.J. Hensick.
0:13 of 2nd period - Shot Misses the Net.
0:15 of 2nd period - Slapshot by T.J. Hensick.
0:15 of 2nd period - Deflect By David Legwand.
0:15 of 2nd period - Shot Misses the Net.
0:15 of 2nd period - Puck is out of play.
0:16 of 2nd period - Anze Kopitar wins face-off versus T.J. Hensick in Kings zone.
0:25 of 2nd period - Wrist shot by Patric Hornqvist.
0:25 of 2nd period - Shot Misses the Net.
0:27 of 2nd period - Slapshot by Shane O'Brien.
0:27 of 2nd period - Shot Misses the Net.
0:29 of 2nd period - Snap shot by Cam Fowler.
0:29 of 2nd period - Shot Misses the Net.
0:31 of 2nd period - Slapshot by Shane O'Brien.
0:31 of 2nd period - Shot Misses the Net.
1:24 of 2nd period - Penalty to Brad Boyes is over, Brad Boyes is back on ice.
1:30 of 2nd period - Minor Penalty to Erik Karlsson for Cross-checking.
1:31 of 2nd period - Brad Boyes wins face-off versus Anze Kopitar in Sharks zone.
1:34 of 2nd period - Penalty to Drew Doughty is over, Drew Doughty is back on ice.
1:42 of 2nd period - Wrist shot by Drew Doughty.
1:42 of 2nd period - Shot Misses the Net.
1:44 of 2nd period - Snap shot by Patric Hornqvist.
1:44 of 2nd period - Stopped by Brent Krahn with a rebound.
1:46 of 2nd period - Wrist shot by Cam Fowler.
1:46 of 2nd period - Stopped by Brent Krahn without a rebound.
1:47 of 2nd period - Frans Nielsen wins face-off versus Brad Boyes in Sharks zone.
1:59 of 2nd period - Off-side.
2:00 of 2nd period - Anze Kopitar wins face-off versus Brad Boyes in neutral zone.
2:04 of 2nd period - Off-side.
2:05 of 2nd period - Brad Boyes wins face-off versus Anze Kopitar in neutral zone.
2:16 of 2nd period - David Legwand is hit by Patric Hornqvist and loses puck.
2:51 of 2nd period - Snap shot by Derek Boogaard.
2:51 of 2nd period - Goal by Derek Boogaard - Kings : 2 - Sharks : 1.
2:52 of 2nd period - Brad Boyes wins face-off versus Anze Kopitar in neutral zone.
3:09 of 2nd period - Patric Hornqvist is hit by Steve Montador and loses puck.
3:26 of 2nd period - Nathan Horton is hit by Brayden McNabb and loses puck.
3:30 of 2nd period - Penalty to Erik Karlsson is over, Erik Karlsson is back on ice.
4:11 of 2nd period - Wrist shot by Anze Kopitar.
4:11 of 2nd period - Shot Blocked by Boris Valabik.
4:19 of 2nd period - Johnny Gaudreau is hit by Erik Karlsson and loses puck.
4:36 of 2nd period - Slapshot by Oskar Osala.
4:36 of 2nd period - Shot Misses the Net.
4:38 of 2nd period - Snap shot by Damien Brunner.
4:38 of 2nd period - Stopped by Jonathan Quick with a rebound.
4:40 of 2nd period - Wrist shot by Erik Karlsson.
4:40 of 2nd period - Stopped by Jonathan Quick with a rebound.
4:42 of 2nd period - Backhand shot by Erik Karlsson.
4:42 of 2nd period - Shot Blocked by Johnny Gaudreau.
5:04 of 2nd period - Wrist shot by Frans Nielsen.
5:04 of 2nd period - Stopped by Brent Krahn with a rebound.
6:01 of 2nd period - Off-side.
6:02 of 2nd period - Cal Clutterbuck wins face-off versus Frans Nielsen in neutral zone.
6:20 of 2nd period - Icing by Cam Fowler.
6:21 of 2nd period - Frans Nielsen wins face-off versus David Legwand in Kings zone.
6:31 of 2nd period - Minor Penalty to Derek Boogaard for Goalie Interference.
6:32 of 2nd period - Brad Boyes wins face-off versus Anze Kopitar in Sharks zone.
6:46 of 2nd period - Snap shot by Johnny Gaudreau.
6:46 of 2nd period - Shot Blocked by Kevin Shattenkirk.
6:48 of 2nd period - Wrist shot by Drew Doughty.
6:48 of 2nd period - Deflect By Anze Kopitar.
6:48 of 2nd period - Stopped by Brent Krahn without a rebound.
6:49 of 2nd period - Frans Nielsen wins face-off versus Brad Boyes in Sharks zone.
6:52 of 2nd period - Wrist shot by Frans Nielsen.
6:52 of 2nd period - Shot Misses the Net.
6:54 of 2nd period - Snap shot by Drew Doughty.
6:54 of 2nd period - Shot Misses the Net.
6:56 of 2nd period - Snap shot by Jason Pominville.
6:56 of 2nd period - Shot Misses the Net.
6:58 of 2nd period - Snap shot by Nathan Horton.
6:58 of 2nd period - Stopped by Brent Krahn with a rebound.
7:00 of 2nd period - Snap shot by Kyle Clifford.
7:00 of 2nd period - Shot Misses the Net.
7:02 of 2nd period - Snap shot by Frans Nielsen.
7:02 of 2nd period - Stopped by Brent Krahn with a rebound.
7:46 of 2nd period - Snap shot by Nick Palmieri.
7:46 of 2nd period - Stopped by Jonathan Quick without a rebound.
7:47 of 2nd period - Nick Palmieri wins face-off versus Anze Kopitar in Kings zone.
7:54 of 2nd period - Snap shot by Antoine Vermette.
7:54 of 2nd period - Shot Blocked by Patric Hornqvist.
8:31 of 2nd period - Penalty to Derek Boogaard is over, Derek Boogaard is back on ice.
8:32 of 2nd period - Snap shot by Derek Boogaard.
8:32 of 2nd period - Shot Hit the Post.
8:46 of 2nd period - Patrick O'Sullivan is hit by Cam Fowler and loses puck.
8:55 of 2nd period - Chris Mcallister is hit by Steve Montador and loses puck.
9:01 of 2nd period - Icing by Cam Fowler.
9:02 of 2nd period - Chris Mcallister wins face-off versus Antoine Vermette in Kings zone.
9:17 of 2nd period - Antoine Vermette is hit by Shane O'Brien and loses puck.
9:34 of 2nd period - Snap shot by T.J. Hensick.
9:34 of 2nd period - Stopped by Jonathan Quick with a rebound.
9:54 of 2nd period - Josef Vasicek is hit by Derek Boogaard and loses puck.
10:51 of 2nd period - Frans Nielsen is hit by Steve Montador and loses puck.
11:29 of 2nd period - Slapshot by Kevin Shattenkirk.
11:29 of 2nd period - Stopped by Jonathan Quick with a rebound.
11:41 of 2nd period - Randy Jones is hit by Antoine Vermette and loses puck.
11:59 of 2nd period - Radko Gudas is hit by Boris Valabik and loses puck.
12:37 of 2nd period - Icing by Brayden McNabb.
12:38 of 2nd period - David Legwand wins face-off versus Anze Kopitar in Sharks zone.
13:11 of 2nd period - Slapshot by Kyle Clifford.
13:11 of 2nd period - Goal by Kyle Clifford - Kings : 3 - Sharks : 1.
13:12 of 2nd period - David Legwand wins face-off versus Anze Kopitar in neutral zone.
13:21 of 2nd period - Wrist shot by Brad Boyes.
13:21 of 2nd period - Shot Misses the Net.
13:23 of 2nd period - Wrist shot by David Legwand.
13:23 of 2nd period - Stopped by Jonathan Quick without a rebound.
13:24 of 2nd period - Anze Kopitar wins face-off versus David Legwand in Kings zone.
13:38 of 2nd period - Icing by Steve Montador.
13:39 of 2nd period - Frans Nielsen wins face-off versus David Legwand in Sharks zone.
14:21 of 2nd period - Minor Penalty to Cal Clutterbuck for Holding.
14:22 of 2nd period - Anze Kopitar wins face-off versus Brad Boyes in Sharks zone.
14:23 of 2nd period - Slapshot by Drew Doughty.
14:23 of 2nd period - Deflect By Anze Kopitar.
14:23 of 2nd period - Shot Misses the Net.
14:23 of 2nd period - Puck is out of play.
14:24 of 2nd period - Brad Boyes wins face-off versus Johnny Gaudreau in Sharks zone.
15:20 of 2nd period - Off-side.
15:21 of 2nd period - Brad Boyes wins face-off versus Frans Nielsen in neutral zone.
15:24 of 2nd period - Slapshot by Kevin Shattenkirk.
15:24 of 2nd period - Shot Blocked by Cam Fowler.
16:21 of 2nd period - Penalty to Cal Clutterbuck is over, Cal Clutterbuck is back on ice.
16:24 of 2nd period - Antoine Vermette is hit by Drew Doughty and loses puck.
17:04 of 2nd period - Steve Montador is hit by Patric Hornqvist and loses puck.
17:23 of 2nd period - Minor Penalty to Josef Vasicek for Holding.
17:24 of 2nd period - Anze Kopitar wins face-off versus David Legwand in Kings zone.
17:33 of 2nd period - Chris Mcallister is hit by Derek Boogaard and loses puck.
17:38 of 2nd period - Slapshot by Derek Boogaard.
17:38 of 2nd period - Stopped by Jonathan Quick with a rebound.
17:56 of 2nd period - Shane O'Brien is hit by Cal Clutterbuck and loses puck.
18:06 of 2nd period - Off-side.
18:07 of 2nd period - David Legwand wins face-off versus Nathan Horton in neutral zone.
18:16 of 2nd period - Slapshot by Drew Doughty.
18:16 of 2nd period - Shot Blocked by Brad Boyes.
18:39 of 2nd period - Off-side.
18:40 of 2nd period - Antoine Vermette wins face-off versus Nathan Horton in neutral zone.
18:51 of 2nd period - Wrist shot by Ryane Clowe.
18:51 of 2nd period - Shot Blocked by Jason Pominville.
18:53 of 2nd period - Snap shot by Erik Karlsson.
18:53 of 2nd period - Stopped by Jonathan Quick with a rebound.
18:55 of 2nd period - Snap shot by Erik Karlsson.
18:55 of 2nd period - Stopped by Jonathan Quick without a rebound.
18:56 of 2nd period - David Legwand wins face-off versus Anze Kopitar in Kings zone.
19:03 of 2nd period - Snap shot by Derek Boogaard.
19:03 of 2nd period - Stopped by Jonathan Quick with a rebound.
19:05 of 2nd period - Snap shot by Steve Montador.
19:05 of 2nd period - Stopped by Jonathan Quick without a rebound.
19:06 of 2nd period - David Legwand wins face-off versus Anze Kopitar in Kings zone.
19:23 of 2nd period - Penalty to Josef Vasicek is over, Josef Vasicek is back on ice.
19:34 of 2nd period - Wrist shot by David Legwand.
19:34 of 2nd period - Stopped by Jonathan Quick without a rebound.
19:35 of 2nd period - Antoine Vermette wins face-off versus Frans Nielsen in Kings zone.
19:38 of 2nd period - Snap shot by Cal Clutterbuck.
19:38 of 2nd period - Shot Misses the Net.
Goals for this period are 1 for Kings vs 1 for Sharks.
Shots for this period are 7 for Kings vs 13 for Sharks.
3rd period
0:01 of 3rd period - Anze Kopitar wins face-off versus David Legwand in neutral zone.
0:17 of 3rd period - Minor Penalty to Steve Montador for Holding.
0:18 of 3rd period - Anze Kopitar wins face-off versus Brad Boyes in Sharks zone.
0:39 of 3rd period - David Legwand is hit by Johnny Gaudreau and loses puck.
2:04 of 3rd period - Derek Boogaard is hit by Frans Nielsen and loses puck.
2:17 of 3rd period - Penalty to Steve Montador is over, Steve Montador is back on ice.
2:37 of 3rd period - Snap shot by Damien Brunner.
2:37 of 3rd period - Shot Misses the Net.
3:12 of 3rd period - Snap shot by Nick Palmieri.
3:12 of 3rd period - Stopped by Jonathan Quick with a rebound.
3:53 of 3rd period - Snap shot by Oskar Osala.
3:53 of 3rd period - Shot Blocked by Drew Doughty.
4:47 of 3rd period - Nick Palmieri is hit by Anze Kopitar and loses puck.
5:02 of 3rd period - Snap shot by Oskar Osala.
5:02 of 3rd period - Stopped by Jonathan Quick with a rebound.
5:43 of 3rd period - Colton Parayko is hit by Brayden McNabb and loses puck.
5:58 of 3rd period - Snap shot by Jordan LaVallee.
5:58 of 3rd period - Deflect By Drew Doughty.
5:58 of 3rd period - Stopped by Jonathan Quick without a rebound.
5:59 of 3rd period - T.J. Hensick wins face-off versus Patric Hornqvist in Kings zone.
6:10 of 3rd period - Snap shot by T.J. Hensick.
6:10 of 3rd period - Stopped by Jonathan Quick without a rebound.
6:11 of 3rd period - Frans Nielsen wins face-off versus David Legwand in Kings zone.
6:16 of 3rd period - Kyle Clifford is hit by Boris Valabik and loses puck.
6:41 of 3rd period - Off-side.
6:42 of 3rd period - Anze Kopitar wins face-off versus Cal Clutterbuck in neutral zone.
6:49 of 3rd period - Snap shot by Johnny Gaudreau.
6:49 of 3rd period - Stopped by Brent Krahn without a rebound.
6:50 of 3rd period - Antoine Vermette wins face-off versus Anze Kopitar in Sharks zone.
7:04 of 3rd period - Wrist shot by Jason Pominville.
7:04 of 3rd period - Deflect By Antoine Vermette.
7:04 of 3rd period - Shot Misses the Net.
7:04 of 3rd period - Puck is out of play.
7:05 of 3rd period - Frans Nielsen wins face-off versus David Legwand in Sharks zone.
7:16 of 3rd period - Slapshot by Drew Doughty.
7:16 of 3rd period - Stopped by Brent Krahn with a rebound.
7:18 of 3rd period - Wrist shot by Kyle Clifford.
7:18 of 3rd period - Stopped by Brent Krahn with a rebound.
7:20 of 3rd period - Wrist shot by Drew Doughty.
7:20 of 3rd period - Shot Misses the Net.
7:30 of 3rd period - Snap shot by Jason Pominville.
7:30 of 3rd period - Stopped by Brent Krahn with a rebound.
7:40 of 3rd period - Snap shot by Cal Clutterbuck.
7:40 of 3rd period - Shot Blocked by Shane O'Brien.
8:03 of 3rd period - Minor Penalty to Nick Palmieri for Hooking.
8:04 of 3rd period - Anze Kopitar wins face-off versus Brad Boyes in Sharks zone.
9:47 of 3rd period - Brayden McNabb is hit by Patric Hornqvist and loses puck.
10:03 of 3rd period - Penalty to Nick Palmieri is over, Nick Palmieri is back on ice.
12:03 of 3rd period - Colton Parayko is hit by Boris Valabik.
12:26 of 3rd period - Icing by Nick Palmieri.
12:27 of 3rd period - T.J. Hensick wins face-off versus Josef Vasicek in Sharks zone.
12:49 of 3rd period - Slapshot by Shane O'Brien.
12:49 of 3rd period - Deflect By Anze Kopitar.
12:49 of 3rd period - Stopped by Brent Krahn with a rebound.
12:51 of 3rd period - Snap shot by Johnny Gaudreau.
12:51 of 3rd period - Shot Blocked by T.J. Hensick.
12:53 of 3rd period - Slapshot by Jason Pominville.
12:53 of 3rd period - Shot Blocked by Andrej Sekera.
13:07 of 3rd period - Steve Montador is hit by Kyle Clifford and loses puck.
13:16 of 3rd period - Icing by Ryane Clowe.
13:17 of 3rd period - Antoine Vermette wins face-off versus Anze Kopitar in Sharks zone.
13:48 of 3rd period - Slapshot by Cal Clutterbuck.
13:48 of 3rd period - Stopped by Jonathan Quick without a rebound.
13:49 of 3rd period - David Legwand wins face-off versus Kyle Clifford in Kings zone.
13:56 of 3rd period - Wrist shot by Frans Nielsen.
13:56 of 3rd period - Stopped by Brent Krahn without a rebound.
13:57 of 3rd period - David Legwand wins face-off versus Frans Nielsen in Sharks zone.
14:08 of 3rd period - Wrist shot by Patric Hornqvist.
14:08 of 3rd period - Shot Misses the Net.
14:19 of 3rd period - Minor Penalty to Colton Parayko for Elbowing.
14:20 of 3rd period - Anze Kopitar wins face-off versus David Legwand in Kings zone.
15:43 of 3rd period - Slapshot by Kevin Shattenkirk.
15:43 of 3rd period - Goal by Kevin Shattenkirk - Kings : 3 - Sharks : 2.
15:44 of 3rd period - Marcus Nilson wins face-off versus T.J. Hensick in neutral zone.
16:29 of 3rd period - Shane O'Brien is hit by Derek Boogaard and loses puck.
16:44 of 3rd period - Snap shot by Patric Hornqvist.
16:44 of 3rd period - Stopped by Brent Krahn without a rebound.
16:45 of 3rd period - Rob Schremp wins face-off versus T.J. Hensick in Sharks zone.
16:54 of 3rd period - Brayden McNabb is hit by Nathan Horton and loses puck.
17:07 of 3rd period - Minor Penalty to Nick Palmieri for Slashing.
17:08 of 3rd period - David Legwand wins face-off versus Anze Kopitar in Sharks zone.
19:07 of 3rd period - Penalty to Nick Palmieri is over, Nick Palmieri is back on ice.
19:19 of 3rd period - Snap shot by Chris Mcallister.
19:19 of 3rd period - Shot Misses the Net.
19:47 of 3rd period - Backhand shot by Drew Doughty.
19:47 of 3rd period - Stopped by Brent Krahn without a rebound.
19:48 of 3rd period - Ted Nolan call a timeout for Sharks.
19:48 of 3rd period - Josef Vasicek wins face-off versus Nick Palmieri in Sharks zone.
19:53 of 3rd period - Slapshot by Chris Mcallister.
19:53 of 3rd period - Shot Misses the Net.
Goals for this period are 0 for Kings vs 1 for Sharks.
Shots for this period are 8 for Kings vs 6 for Sharks.
Back to the Top